[Event "85th Tata Steel Masters 2023"]
[White "Abdusattorov,Nodirbek"]
[Black "Aronian,Levon"]
[Site "Wijk aan Zee"]
[Round "8.1"]
[Annotator "TA"]
[Result "1/2-1/2"]
[Date "2023.01.22"]
[WhiteElo "2713"]
[BlackElo "2735"]
[PlyCount "62"]
[TimeControl "60"]

1. e4 e5 2. Nf3 Nc6 3. Bb5 Nf6 4. d3 Bc5 5. Bxc6 dxc6 6. Nbd2 {[%emt 0:0:6] C65: Ruy Lopez: Berlin Defence (3...Nf6), unusual lines and 4 0-0 Bc5.} Be6 7. O-O Bd6 $1 {[%emt 0:0:6][%mdl 4] now scores much better than the old 7...Nd7.} 8. Nb3 b6 {[%emt 0:0:12] [#]} 9. Qe1 $146 ({Predecessor:} 9. d4 Nd7 10. dxe5 Nxe5 11. Nxe5 Bxe5 12. Qh5 Bf6 13. Rd1 Qc8 14. h3 O-O 15. e5 {1-0 Vachier Lagrave,M (2784)-So,W (2770) Opera Euro Rapid Prelim 2021 (2)} )Nd7 10. Qc3 c5 11. Ng5 Nf8 12. f4 f6 13. Nxe6 {[%emt 0:7:50][%mdl 64] [#] Remove Defender} Nxe6 14. Qc4 {[%emt 0:3:46] The position is equal.} Qd7 15. f5 Nd4 16. Nxd4 cxd4 {[%emt 0:0:36] Black is weak on the light squares} 17. a4 a5 (17... Qf7 {with more complications.} 18. Qc6+ Ke7 19. Bd2 Qe8 )18. Bd2 {[%emt 0:3:3] Dodges Bb4} Qf7 19. Qc6+ Ke7 20. Rf3 Qe8 21. Qc4 Qf7 22. Qc6 Qe8 23. Qxe8+ Raxe8 24. Kf2 g5 25. fxg6 hxg6 26. Rf1 Ke6 27. h4 f5 {[%emt 0:3:10] And now ...fxe4 would win.} ({But not} 27... Rxh4 28. Kg3 Rhh8 29. Rxf6+ Kd7 30. Rxg6 $16 )28. g3 Ref8 29. Ke2 Be7 30. Kd1 c5 31. b3 Rh7 {[%emt 0:0:44] An interesting draw.   Weighted Error Value: White=0.04 (flawless) /Black=0.03 (flawless)} 1/2-1/2

[Event "85th Tata Steel Masters 2023"]
[White "Caruana,Fabiano"]
[Black "Carlsen,Magnus"]
[Site "Wijk aan Zee"]
[Round "8.2"]
[Annotator "TA"]
[Result "0-1"]
[Date "2023.01.22"]
[WhiteElo "2766"]
[BlackElo "2859"]
[PlyCount "66"]
[TimeControl "60"]

1. e4 e5 2. Nf3 Nc6 3. Bb5 a6 4. Ba4 Nf6 5. O-O Be7 6. Re1 b5 7. Bb3 O-O 8. a4 b4 9. a5 d6 10. c3 Rb8 11. h3 h6 $5 {[%emt 0:10:58][%mdl 4] A promising side line.} 12. d4 bxc3 {[%emt 0:0:37] C88: Closed Ruy Lopez: Anti-Marshall Systems.} 13. bxc3 exd4 $1 14. Nxd4 Bd7 {[%emt 0:6:18] [#] The position is equal.} 15. Bf4 $146 ({Predecessor:} 15. Nd2 Re8 16. Bc2 Bf8 17. N2f3 Ne5 18. Nxe5 dxe5 19. Nf5 Bxf5 20. exf5 e4 21. Be3 {½-½ Nguyen,T (2627)-Wojtaszek,R (2696) POL-chT Ekstraliga 2022 (1.1)} )Ne5 16. Na3 Re8 17. Bg3 Bf8 $1 18. f4 Nc6 {[%emt 0:0:31] White should prevent ...Nxd4.} 19. e5 dxe5 20. fxe5 Nxd4 21. cxd4 {[%emt 0:0:5] [#]} Bc6 $1 22. Bc2 $2 {[%emt 0:19:10] [#] Prevents Ne4. White does not recover from this.} (22. exf6 $2 {loses.} Rxe1+ 23. Bxe1 Rxb3 $19 )(22. Rf1 $11 Rxb3 23. Qxb3 Qxd4+ 24. Kh2 Rxe5 25. Rxf6 gxf6 26. Bxe5 Qxe5+ 27. Qg3+ Kh7 28. Qxe5 fxe5 29. g4 )(22. Rc1 Bd5 )Qd5 $1 $19 23. Re2 {[%emt 0:0:5] [#]} (23. Qe2 Rb4 )Rb4 $1 24. Kh2 (24. Kh1 Rxd4 )Rxd4 25. Qb1 (25. Qc1 $142 Ne4 26. Bxe4 Rxe4 27. Qd2 )Ne4 $2 (25... Qxa5 $2 {is the wrong capture.} 26. Bb3 Bxa3 27. Qc2 $19 )(25... Rd2 26. Qf1 Nh5 27. Rxd2 Qxd2 )26. Bxe4 Rxe4 27. Rxe4 Qxe4 28. Qxe4 Bxe4 29. Nc4 Rb8 30. Rc1 (30. e6 {was called for.} )Rb5 31. e6 fxe6 {[%emt 0:0:53] Black has a decisive advantage.} 32. Bxc7 Rc5 33. Bf4 Bd5 {[%emt 0:0:5] Weighted Error Value: White=0.57/Black=0.32} 0-1

[Event "85th Tata Steel Masters 2023"]
[White "So,Wesley"]
[Black "Ding,Liren"]
[Site "Wijk aan Zee"]
[Round "8.3"]
[Annotator "TA"]
[Result "1/2-1/2"]
[Date "2023.01.22"]
[WhiteElo "2760"]
[BlackElo "2811"]
[PlyCount "83"]
[TimeControl "60"]

1. e4 c6 2. d4 d5 3. e5 c5 4. dxc5 e6 5. a3 Bxc5 6. b4 {[%emt 0:1:8] B12: Caro-Kann: Advance Variation.} Be7 7. Nf3 f6 (7... a5 $5 )8. Bb2 {[%emt 0:0:38] White has an edge. 8.c4 is vanishing.} Nd7 9. c4 (9. Nbd2 {keeps more tension.} fxe5 10. Nxe5 Bf6 11. Bb5 )Nxe5 10. Nxe5 fxe5 {[%emt 0:0:4] [#]} 11. Bxe5 $146 ({Predecessor:} 11. cxd5 Nf6 12. Bxe5 exd5 13. Nc3 O-O 14. Be2 a5 15. b5 Be6 16. O-O Bd6 17. Qd4 {0-1 Mamedov,R (2703)-Karthikeyan,M (2570) Gibraltar Masters 17th 2019 (8)} )Bf6 {[%emt 0:6:3] [#]} (11... Nf6 {simplifies} 12. cxd5 Qxd5 13. Qxd5 exd5 14. Nc3 O-O )12. Nd2 $1 a5 {[%emt 0:8:54] [#]} (12... Nh6 13. Bxf6 )13. b5 $1 Nh6 {[%emt 0:1:41] [#]} (13... b6 14. Bd3 )14. Bxf6 Qxf6 15. Bd3 O-O 16. O-O b6 17. Qe2 Bb7 18. Rae1 Rae8 19. cxd5 Bxd5 20. Bc4 {[%emt 0:5:13] Bxd5 is the strong threat.} (20. Nc4 {simplifies} Bxc4 21. Bxc4 Nf5 22. Qe5 )Qg6 21. g3 Ng4 {[%emt 0:3:10][%cal Yg4h2] White must now prevent ...Nxh2!} 22. f3 Nf6 23. Qe3 Nd7 24. Qd4 (24. f4 {keeps more tension.} Nc5 25. Be2 Rd8 26. Nc4 )Qf6 25. Qxf6 gxf6 26. f4 Kg7 27. Rd1 Nc5 {[%emt 0:2:51] The position is equal.} 28. f5 Rf7 29. fxe6 Bxe6 30. Bxe6 Rxe6 31. Nc4 Ne4 32. Rfe1 Rfe7 33. Rd3 Kg6 34. Nd2 Nxd2 35. Rxe6 Rxe6 36. Rxd2 $11 {[%emt 0:0:3][%mdl 4096] Endgame KR-KR} Re5 37. a4 Re4 38. Rd6 Rxa4 39. Rxb6 Rb4 40. Rb8 a4 41. Ra8 Rxb5 {[%emt 0:50:4] aiming for ...Rb1+.} 42. Rxa4 {[%emt 0:0:6] Weighted Error Value: White=0.06 (flawless) /Black=0.04 (flawless)} 1/2-1/2

[Event "85th Tata Steel Masters 2023"]
[White "Giri,Anish"]
[Black "Keymer,Vincent"]
[Site "Wijk aan Zee"]
[Round "8.4"]
[Annotator "TA"]
[Result "1/2-1/2"]
[Date "2023.01.22"]
[WhiteElo "2764"]
[BlackElo "2696"]
[PlyCount "55"]
[TimeControl "60"]

1. e4 e5 2. Nf3 Nc6 3. Bc4 Nf6 4. d3 Bc5 5. Bg5 h6 6. Bh4 d6 7. c3 {[%emt 0:0:39] is now debated instead of 7.h3.} g5 8. Bg3 $1 a6 {[%emt 0:1:26] C54: Giuoco Piano: 4 c3 Nf6, main lines with 5 d4 and 5 d3.} 9. Nbd2 Ba7 10. O-O O-O 11. b4 Nh7 (11... b5 $5 12. Bb3 $8 a5 $11 )12. Kh1 Kh8 13. a4 f5 {[%emt 0:2:56] [#] Strongly threatening ...f4.} 14. exf5 Bxf5 {[%emt 0:0:3] [#]} 15. Qe2 $146 ({Predecessor:} 15. b5 Ne7 16. bxa6 bxa6 17. d4 e4 18. Ne1 Bg6 19. Nc2 Nf6 20. Ne3 a5 21. Bb3 {0-1 Sethuraman,S (2619)-Yu,Y (2750) Fufeng BRICS Masters 1st rapid 2017 (1)} )Nf6 16. b5 Na5 17. bxa6 bxa6 ({But not} 17... Nxc4 18. axb7 Rb8 19. Nxc4 $14 )18. Bxa6 Nd5 19. Rac1 Re8 20. Rfe1 Nf4 (20... Bc5 $11 21. d4 exd4 22. Qxe8+ Qxe8 23. Rxe8+ Rxe8 24. Nxd4 Bg6 )21. Bxf4 $14 exf4 22. Qxe8+ Qxe8 23. Rxe8+ Rxe8 24. d4 g4 25. Ne1 d5 26. Kg1 c5 27. Bd3 Bd7 (27... Rxe1+ $2 28. Rxe1 Bxd3 29. Re8+ Kg7 30. Re7+ Kf8 31. Rxa7 $18 )28. dxc5 {[%emt 0:11:48] Weighted Error Value: White=0.08 (flawless) /Black=0.10 (very precise)} 1/2-1/2

[Event "85th Tata Steel Masters 2023"]
[White "Rapport,Richard"]
[Black "Praggnanandhaa R"]
[Site "Wijk aan Zee"]
[Round "8.5"]
[Annotator "TA"]
[Result "1-0"]
[Date "2023.01.22"]
[WhiteElo "2740"]
[BlackElo "2684"]
[PlyCount "79"]
[TimeControl "60"]

1. e4 e5 2. Nf3 Nc6 3. Bc4 Bc5 4. c3 Nf6 5. d3 d6 6. Nbd2 a6 7. Bb3 O-O {[%emt 0:5:8] C54: Giuoco Piano: 4 c3 Nf6, main lines with 5 d4 and 5 d3.} 8. Nf1 Ne7 9. Bg5 $5 {[%emt 0:6:55][%mdl 4] A promising side line.} Ng6 {[%emt 0:4:15] [#] The position is equal.} 10. h4 $146 ({Predecessor:} 10. Ne3 h6 11. Nh4 Kh7 12. Nxg6 fxg6 13. h4 Qe8 14. Qe2 a5 15. a3 Nh5 16. O-O-O {0-1 Vasilevich,I (2353)-Naumkin,I (2503) Moscow op 03rd 2007 (5)} )Re8 11. h5 Nf4 12. Ng3 {[%emt 0:23:1] Black must now prevent h6.} h6 $1 13. Bxf4 exf4 14. Ne2 Ng4 15. Rf1 Nf6 16. Qc2 Bg4 17. O-O-O {[%emt 0:6:44] Threatens to win with d4.} Ba7 ({Don't take} 17... Bxh5 18. Nxf4 c6 19. d4 $16 )18. Nxf4 c6 19. Rde1 Nxh5 20. Qd2 Qf6 21. Nxh5 Bxh5 22. Rh1 (22. Nh2 {with more complications.} d5 23. exd5 Rxe1+ 24. Rxe1 Qxf2 25. dxc6 bxc6 26. d4 )Bxf3 23. gxf3 Qxf3 24. Rh2 {[%emt 0:6:48] Rg1 is the strong threat.} Kf8 25. Bd1 {[%emt 0:0:24][%mdl 1024] White has compensation.} Qf6 26. f4 $1 Ke7 27. d4 Kd7 28. e5 Qe7 {[%emt 0:0:34] Black is weak on the light squares} 29. Rg2 {[%emt 0:0:36] White is more active.} g6 {[%emt 0:1:11] [#]} (29... Rg8 $16 )30. f5 $1 {[%emt 0:1:41][%mdl 576] Discovered Attack} gxf5 {[%emt 0:2:20] [#]} (30... dxe5 31. fxg6 )31. Rg7 $36 {[%emt 0:1:14][%mdl 2048] Bh5 would be deadly. Black is under strong pressure.} Rf8 $2 {[%emt 0:1:58] This move loses the game for Black.} (31... dxe5 $16 {was necessary.} 32. dxe5+ Kc7 )32. e6+ $18 (32. Qxh6 Kc7 33. e6 Kb6 $18 )Kc7 33. Bh5 Qf6 {[%emt 0:1:10] White is clearly better.} 34. Rxf7+ Rxf7 35. exf7 {[%emt 0:0:2] aiming for Re8.} Rf8 36. Qe3 {[%emt 0:0:59] Hoping for Qe8.} Rxf7 (36... Qg5 $2 37. Qxg5 hxg5 38. Re8 $18 )37. Bxf7 Qxf7 38. Qe7+ Qxe7 39. Rxe7+ Kb6 40. c4 {[%emt 0:2:8] Weighted Error Value: White=0.09 (flawless) /Black=0.15 (very precise)} 1-0

[Event "85th Tata Steel Masters 2023"]
[White "Van Foreest,Jorden"]
[Black "Erigaisi Arjun"]
[Site "Wijk aan Zee"]
[Round "8.6"]
[Annotator "TA"]
[Result "1-0"]
[Date "2023.01.22"]
[WhiteElo "2681"]
[BlackElo "2722"]
[PlyCount "107"]
[TimeControl "60"]

1. c4 Nf6 2. Nc3 g6 3. e4 d6 4. d4 Bg7 5. Nf3 O-O 6. Be2 e5 7. O-O h6 {[%emt 0:0:6] E94: King's Indian: Classical: 6 Be2 e5 7 0-0: Various Black 7th moves.} 8. Rb1 $5 {[%emt 0:4:15][%mdl 4] Leaves trodden paths.} exd4 9. Nxd4 Re8 {[%emt 0:0:5] White is slightly better.} 10. f3 c6 {[%emt 0:0:6] [#]} 11. Bf4 $146 ({Predecessor:} 11. Kh1 d5 12. cxd5 cxd5 13. Bb5 Bd7 14. exd5 Bxb5 15. Ndxb5 a6 16. Na3 b5 17. Nc2 {0-1 Castellanos Rodriguez,R (2474)-Mamedov,R (2646) Braila GP RO Stage 5 rapid 2022 (4)} )Nh5 12. Be3 f5 $1 13. Qd2 {[%emt 0:2:20] exf5 is the strong threat.} f4 14. Bf2 (14. Bxf4 $2 Nxf4 15. Qxf4 Bxd4+ $19 )Qg5 15. Rfd1 Nd7 16. b4 Ne5 17. Kh1 Qf6 18. Rbc1 Qf7 19. a4 (19. Na4 $5 )b6 20. Qa2 Rb8 21. a5 (21. b5 $5 c5 22. Nc6 Nxc6 23. bxc6 $14 )Bd7 $1 22. a6 ({White should play} 22. Qc2 $14 )Red8 23. Nc2 Be6 24. Nd4 Bd7 25. Rd2 Kh7 26. Rdd1 Qe7 27. Qd2 Rbc8 28. Bf1 Be8 29. Nce2 (29. b5 $11 )Qf7 (29... c5 $17 30. Nb3 Qf7 )30. Nc3 $11 Qg8 (30... Nxc4 31. Bxc4 Qxc4 32. Nd5 Qxa6 33. b5 $14 )31. Qe1 Bf7 32. b5 c5 (32... Nxc4 $2 33. bxc6 (33. Nxc6 Rd7 $18 )Bxd4 34. Bxd4 $18 )(32... Bxc4 33. Bxc4 Qxc4 34. Nce2 $16 (34. Nd5 cxd5 35. Rxc4 dxc4 $16 ))33. Nc6 Rd7 {[%emt 0:2:36] Prevents Ne7} (33... Nxc6 $17 34. bxc6 Bxc4 )34. Nxa7 {[%emt 0:3:39][%mdl 64] [#] Deflection} Rxa7 35. Rxd6 Nxc4 (35... Bxc4 36. Rxb6 Bxf1 37. Qxf1 )36. Bxc4 Bxc4 37. Rxb6 Nf6 38. e5 $36 {[%emt 0:4:51][%mdl 2048] White fights for an advantage.} Nd7 39. Rxg6 {[%emt 0:0:56][%mdl 64] Strongly threatening Qe4. Decoy} Nxe5 $1 (39... Kxg6 $2 40. Qe4+ Kf7 41. Qxc4+ Kf8 42. e6 $18 (42. Qxf4+ Qf7 $16 ))40. Rd6 Re8 {[%emt 0:4:29] [#]} (40... Qf7 $11 {remains equal.} )41. Qd2 $1 $16 (41. Bxc5 Nd3 42. Qg1 Rc7 43. Rxd3 Bxd3 $17 )Qf7 42. Bxc5 (42. Qc2+ $16 Kg8 43. Bxc5 )Rc7 $2 {[%emt 0:5:1][%mdl 8192] This costs Black the game.} (42... Rd7 $14 )43. Bg1 $18 {[%emt 0:0:0] And now Nd5 would win.} (43. Bb6 Rd7 $14 )Rcc8 44. a7 {[%emt 0:0:0] White is clearly winning.} Be6 (44... Qb7 $142 45. Ne4 Qxb5 46. Qxf4 Qb7 )45. Ne4 Nc4 46. Qd3 {[%emt 0:0:0] Intending Nf6+ and mate.} Bf5 47. Ra6 Bxe4 48. fxe4 {[%emt 0:0:0] Black must now prevent e5+.} Ne5 49. Qf1 {[%emt 0:0:0] aiming for Rxc8.} Rxc1 50. Qxc1 f3 {[%emt 0:0:23] ( -> ...fxg2+)} 51. Qf1 (51. a8=B $2 fxg2+ 52. Kxg2 Qf3# )fxg2+ (51... Rc8 $142 52. a8=Q (52. a8=R $2 {is the wrong capture.} Rc1 $19 )Rc1 )52. Kxg2 {[%emt 0:0:0] Hoping for Qxf7.} Qb7 53. Qf5+ Kg8 54. Bd4 {[%emt 0:0:0] Artfully played by Van Foreest.   Weighted Error Value: White=0.20 (precise) /Black=0.27 (precise)} 1-0

[Event "85th Tata Steel Masters 2023"]
[White "Gukesh D"]
[Black "Maghsoodloo,Parham"]
[Site "Wijk aan Zee"]
[Round "8.7"]
[Annotator "TA"]
[Result "1-0"]
[Date "2023.01.22"]
[WhiteElo "2725"]
[BlackElo "2719"]
[PlyCount "97"]
[TimeControl "60"]

1. d4 Nf6 2. c4 e6 3. Nf3 h6 4. Nc3 Bb4 5. e3 c5 6. Bd3 O-O 7. O-O d5 8. cxd5 {[%emt 0:4:27] E50: Nimzo-Indian: Rubinstein: 4...0-0 5 Nf3.} exd5 9. dxc5 Bxc5 10. b3 {[%emt 0:2:1] [#] White is slightly better.} Nc6 $146 ({Predecessor:} 10... Be6 11. Bb2 Nbd7 12. Ne2 Qe7 13. Rc1 Bd6 14. Nfd4 Rac8 15. Rxc8 Rxc8 16. Nf4 Ne5 {½-½ Jenneborg,S (1995)-Svrsek Jr,R (2177) LSS No Engine Cup 117 Preliminary 0 2014} )11. Bb2 Bg4 12. h3 Bh5 13. Rc1 Bb6 14. Be2 Rc8 15. Na4 Bc7 16. Nc5 Bxf3 17. Bxf3 Be5 18. Qd2 Qe7 19. Nd3 {[%emt 0:3:11][%cal Yc1c6] Black must now prevent Rxc6!} (19. Bxd5 $2 Bxb2 20. Bxf7+ Rxf7 $19 )Bxb2 20. Qxb2 Rfd8 21. Rfd1 g5 22. b4 a6 23. a4 Qd6 24. b5 Ne7 25. a5 axb5 26. Qxb5 Nc6 27. Ra1 Rc7 28. g3 d4 {[%emt 0:2:26] Strongly threatening ...dxe3.} 29. Nb2 (29. Ne1 $5 )Nd5 30. Nc4 (30. exd4 Nc3 31. Qb6 Nxd1 32. Rxd1 Ne7 $17 )Qe6 31. exd4 {[%emt 0:0:46] And now Rac1 would win.} Nc3 {[%emt 0:1:19] Excellent horsemanship.} 32. Qb6 Nxd1 33. Qxc7 Qe1+ {[%emt 0:1:11][%mdl 64] [#] Deflection, Double Attack} 34. Kh2 {[%emt 0:0:1] Active counter play!} Qxf2+ 35. Bg2 $132 {[%emt 0:0:1][%mdl 2048] White puts up resistance} Rxd4 36. Qxb7 Rxc4 37. Rxd1 {[%emt 0:0:6] Rf1 is the strong threat.} Rc2 (37... Nxa5 $2 38. Qb8+ Kg7 39. Rd8 $18 )38. Rg1 Nd4 {[%emt 0:0:15] ( -> ...Nf3+)} (38... Nxa5 $2 39. Qa8+ Kg7 40. Qxa5 $18 )39. Kh1 {[%emt 0:1:9] Rf1 would be deadly.} (39. Qb8+ $2 Kh7 40. Kh1 Nf3 $19 )Nf5 ({Don't do} 39... Qxg3 40. a6 Rc7 41. Qb8+ Kg7 42. Qb2 $14 (42. a7 Nf3 $11 ))(39... Ne2 $5 40. Qb8+ $8 Kh7 41. Be4+ f5 42. Qb7+ Kh8 $11 )40. Qb8+ Kg7 41. a6 $2 (41. g4 $1 $11 {and White is okay.} Ng3+ 42. Kh2 )Ra2 $2 (41... Qxg3 $2 42. a7 Ra2 43. a8=Q $18 )(41... Nxg3+ $19 42. Kh2 Nf5 )42. Qe5+ $11 Kg6 $2 (42... Kg8 $11 43. Qb8+ Kg7 44. Qe5+ Kg8 45. Qe8+ Kg7 46. Qe5+ )43. g4 $18 {[%emt 0:0:45] Be4 would kill now.} Ne3 $2 (43... Ng3+ 44. Qxg3 {[%mdl 64] Remove Defender} Qxg3 45. Be4+ {[%mdl 64] Discovered Attack} Kg7 46. Rxg3 Rxa6 )44. Be4+ f5 45. Qd6+ {[%emt 0:1:13][%mdl 64] Skewer} Kf7 46. gxf5 (46. Rc1 $142 Rc2 47. Rb1 (47. Bxc2 $2 Qg2# )(47. Qd7+ Kg8 $16 ))g4 47. Qe6+ {[%emt 0:1:10] White mates.} (47. Qxh6 $2 Qh2# )Kf8 48. Qf6+ Kg8 {[%emt 0:0:5] [#]} 49. Bd5+ $1 {[%emt 0:0:7][%mdl 576] Deflection. A cool game by Gukesh D.   Weighted Error Value: White=0.13 (very precise) /Black=0.39} 1-0